 Dungeon Crawl Stone Soup version 0.29.0-10-g45618ea6d2 (webtiles) character file.

Game seed: 3014381566637699608

50117 Plorgh the Warrior (level 14, 0/162 HPs)
             Began as an Ogre Fire Elementalist on Sept 1, 2022.
             Was a High Priest of Vehumet.
             Engulfed by a fire crab's flame (8 damage)
             ... in a Gauntlet.
             The game lasted 01:05:07 (29393 turns).

Plorgh the Warrior (Ogre Fire Elementalist)        Turns: 29393, Time: 01:05:08

Health: 0/162      AC:  6    Str: 17    XL:     14   Next: 53%
Magic:  25/26      EV: 14    Int: 20    God:    Vehumet [*****.]
Gold:   1341       SH:  0    Dex: 11    Spells: 1/29 levels left

rFire   + . .      SeeInvis .   E - +10 broad axe "Deipt" {freeze, +Blink rC+ Str+2}
rCold   . . .      Faith    .   (no shield)
rNeg    . . .      Spirit   .   A - +0 steam dragon scales
rPois   +          Reflect  .   z - +0 hat
rElec   .          Harm     .   B - +2 cloak {rPois}
rCorr   .          Rampage  .   (gloves unavailable)
Will    ++...      NoTele   +   (boots unavailable)
Stlth   +++.......              (no amulet)
HPRegen 0.37/turn               j - +4 ring of evasion
MPRegen 0.20/turn               k - ring of fire

@: on blink cooldown, hasted, very quick
A: large, unfitting armour, tough skin 1, thin skeletal structure 1, deformed
body, strong-willed 1, wild magic 1
a: Renounce Religion, Evoke Blink


You were in a Gauntlet.
You worshipped Vehumet.
Vehumet was extremely pleased with you.
You visited 3 branches of the dungeon, and saw 19 of its levels.
You also visited: Bailey and Gauntlet.

You collected 2412 gold pieces.
You spent 1071 gold pieces at shops.

Inventory:

Hand Weapons
 n - the +8 dagger of Wu Jian's Regard {protect, rC+ Str+7}
   (You found it on level 2 of the Dungeon)

   It grants its wielder temporary protection when it strikes (+7 to AC).
   Str:       It affects your strength (+7).
   rC:        It protects you from cold.
 E - the +10 broad axe "Deipt" (weapon) {freeze, +Blink rC+ Str+2}
   (You bought it in a shop on level 7 of the Dungeon)

   It freezes those it strikes, dealing additional cold damage.
   It can also slow down cold-blooded creatures.
   Str:       It affects your strength (+2).
   rC:        It protects you from cold.
   +Blink:    It lets you blink.
Armour
 z - a +0 hat (worn)
 A - +0 steam dragon scales (worn)
 B - a +2 cloak of poison resistance (worn)
 J - a +1 robe of fire resistance
 O - +0 acid dragon scales
Magical Staves
 I - a staff of conjuration
Jewellery
 b - a +4 ring of protection
 d - a +4 ring of evasion
 j - a +4 ring of evasion (left hand)
 k - a ring of fire (right hand)
 p - a ring of see invisible
 w - a ring of wizardry
 y - a ring of flight
 M - a +6 ring of intelligence
 Q - a +4 ring of protection
Wands
 a - a wand of flame (45)
 v - a wand of acid (4)
 D - a wand of digging (22)
 K - a wand of polymorph (3)
 N - a wand of charming (4)
 P - a wand of roots (4)
 U - a wand of mindburst (11)
Scrolls
 i - a scroll of butterflies
 m - 2 scrolls of enchant weapon
 r - 4 scrolls of fear
 t - 3 scrolls of vulnerability
 u - 5 scrolls of teleportation
 x - a scroll of silence
 F - a scroll of summoning
 H - a scroll of amnesia
 L - a scroll of poison
 R - a scroll of identify
 S - a scroll of brand weapon
Potions
 c - a potion of mutation
 e - 5 potions of flight
 f - a potion of magic
 g - 4 potions of lignification
 h - 2 potions of brilliance
 l - 2 potions of might
 o - a potion of curing
 s - 3 potions of cancellation
 C - 11 potions of ambrosia
 G - 2 potions of attraction


   Skills:
 - Level 16.0 Fighting
 - Level 10.1 Axes
 - Level 1.7 Dodging
 - Level 1.4 Stealth
 - Level 8.0 Spellcasting
 + Level 13.3 Conjurations
 - Level 4.0 Transmutations
 - Level 10.0 Fire Magic


You had one spell level left.
You knew the following spells:

 Your Spells              Type           Power      Damage    Failure   Level
a - Foxfire               Conj/Fire      100%       2x1d9     1%          1
b - Scorch                Fire           100%       2d10      1%          2
c - Inner Flame           Hex/Fire       53%        N/A       1%          3
d - Flame Wave            Conj/Fire      82%        2d18      1%          4
e - Irradiate             Conj/Tmut      26%        3d20      3%          5
f - Airstrike             Air            5%         2d(1-17)  26%         4
g - Hailstorm             Conj/Ice       45%        3d10      2%          4
h - Yara's Violent Unrav  Hex/Tmut       10%        3d6       32%         5

Your spell library contained the following spells:

 Spells                   Type           Power      Damage    Failure   Level
 Necrotise                Necr           40%        1d6       13%         1
 Conjure Flame            Conj/Fire      82%        6-21      1%          3
 Dazzling Flash           Conj/Hex       90%        N/A       1%          3
 Sublimation of Blood     Necr           10%        N/A       19%         2
 Conjure Ball Lightning   Conj/Air       22%        3x3d6     28%         6
 Vampiric Draining        Necr           10%        2d6       34%         3
 Petrify                  Tmut/Erth      20%        N/A       45%         4
 Animate Dead             Necr           10%        N/A       71%         4
 Agony                    Necr           10%        N/A       96%         5
 Borgnjor's Vile Clutch   Necr/Erth      5%         N/A       96%         5
 Silence                  Hex/Air        5%         N/A       96%         5
 Death Channel            Necr           5%         N/A       100%        6
 Discord                  Hex            5%         N/A       100%        8
 Disjunction              Tloc           5%         N/A       100%        8


Dungeon Overview and Level Annotations

Branches:
Dungeon (14/15)            Temple (1/1) D:6            Lair (4/5) D:9
 Shoals (0/4) Lair:3        Snake (0/4) Lair:2          Orc (0/2) D:12
 Bailey (visited)         Gauntlet (1/1)
  Slime: Lair:4-5    Vaults: D:13-14

Altars:
Ashenzari
Cheibriados
Dithmenos
Elyvilon
Fedhas
Gozag
Hepliaklqana
Kikubaaqudgha
Makhleb
Nemelex Xobeh
Okawaru
Qazlal
Ru
Sif Muna
Trog
Uskayaw
Vehumet
Wu Jian
Xom
Yredelemnul
Zin
The Shining One

Shops:
D:7 (   D:8 [

Annotations:
D:10 2 transporters, vianneychevalier's ghost, journeyman MiGl Gauntlet 11 transporters, 23 runed translucent doors, exclusion: 2 lightning spires


Innate Abilities, Weirdness & Mutations

You are too large for most types of armour.
You have tough skin. (AC +1)
You have a somewhat thin skeletal structure. (Dex +2, Stealth+)
Armour fits poorly on your strangely shaped body.
You are strong-willed. (Will+)
Your spells are a little harder to cast, but a little more powerful.


Message History

* * * LOW HITPOINT WARNING * * *
The fire bat misses you. The fire bat closely misses you.
Unknown command.
You feel better.
You are engulfed in blazing flames.
You resist.
* * * LOW HITPOINT WARNING * * *
The fire bat barely misses you. x2
The fire bat bites you but does no damage.
Unknown command.
You feel better.
You are engulfed in blazing flames.
You resist.
* * * LOW HITPOINT WARNING * * *
The fire bat barely misses you. The fire crab breathes flames at you.
The blast of flame misses you.
The fire bat bites you but does no damage.
Unknown command.
Okay, then.
You feel better.
You are engulfed in blazing flames.
You resist.
* * * LOW HITPOINT WARNING * * *
The fire bat barely misses you. The fire bat bites you.
* * * LOW HITPOINT WARNING * * *
You are engulfed in flames.
You resist.
* * * LOW HITPOINT WARNING * * *
The fire bat bites you.
* * * LOW HITPOINT WARNING * * *
You are engulfed in flames.
You resist.
* * * LOW HITPOINT WARNING * * *
Okay, then.
Okay, then.
Okay, then.
Okay, then.
You blink.
The fire crab breathes flames at you. The blast of flame engulfs you.
You resist.
* * * LOW HITPOINT WARNING * * *
You feel better.
You are engulfed in blazing flames.
You resist.
* * * LOW HITPOINT WARNING * * *
The fire bat closely misses you.
Unknown command.
You feel better.
You are engulfed in blazing flames.
You resist.
You die...

#########
################≈#§#≈#≈#
##§#≈#≈#≈#≈#≈#≈#.........
#§....................8..
##.8.....8.....8.........
#§...............########
##...#########...#..+..+.
#≈...#°°@bb..#...#..+..+.
##...#°°##..######++#++##
#§§..#°##°°###...#..+...+
##§8©###°°##©#©8©#©.#...+
#≈...##°°##[(#...#..+...+
##...#.°##..|#####++#++##
#≈...#°......#...#..+..+h
##...#########...#..+..+E
#≈...............########


You could see 2 fire bats.

Vanquished Creatures
  Rupert (D:13)
  2 vault guards (Bailey)
  2 hydras (Lair:2)
  2 two-headed ogres
  2 centaur warriors
  4 death yaks (Lair:3)
  Urug (Lair:2)
  Sonja (D:13)
  Lodul (D:13)
  Pikel (D:8)
  A deep elf pyromancer (D:12)
  2 manticores (D:11)
  2 cyclopes (D:12)
  Maurice (D:8)
  Joseph (D:8)
  A black mamba (Lair:2)
  6 cane toads
  3 elephants (Lair:4)
  A kobold demonologist (D:10)
  14 komodo dragons
  14 rime drakes (Lair:3)
  A queen bee (D:10)
  3 trolls
  4 polar bears
  3 hornets
  Grinder (D:4)
  Prince Ribbit (Bailey)
  6 slime creatures
  A snapping turtle (Lair:3)
  13 blink frogs
  2 wraiths
  6 wyverns
  A shadow (D:11)
  32 yaks
  A basilisk (Lair:4)
  Eustachio (D:4)
  10 humans (Bailey)
  2 fire bats (Gauntlet)
  10 steam dragons
  3 nagas (Lair:2)
  3 acid dragons
  2 hell hounds (Gauntlet)
  12 water moccasins
  A swamp drake (D:9)
  A black bear (D:5)
  4 orc warriors
  A sky beast (D:7)
  12 ogres
  4 wolves (Lair:3)
  11 centaurs
  Blork the orc (D:4)
  5 kobold brigands
  24 bullfrogs
  3 gnoll sergeants
  3 necrophages
  6 scorpions
  16 wights
  26 killer bees
  3 howler monkeys
  2 electric eels
  3 jellies
  A gnoll bouda (D:6)
  2 orc priests
  Crazy Yiuf (D:5)
  7 hounds
  12 iguanas
  An orc wizard (D:13)
  Robin (D:4)
  17 gnolls
  6 adders
  A shadow imp (D:6)
  2 white imps (D:6)
  2 ufetubi
  A worm (D:2)
  3 dart slugs
  24 orcs
  14 bats
  7 endoplasms
  A giant cockroach (D:1)
  19 goblins
  8 hobgoblins
  4 jackals (D:4)
  5 quokkas
  4 ball pythons
  A frilled lizard (D:3)
  24 kobolds
  6 rats
  A spectral hobgoblin (D:2)
482 creatures vanquished.

Vanquished Creatures (collateral kills)
  Erolcha (D:13)
1 creature vanquished.

Vanquished Creatures (others)
  A bush (Lair:1)
  150 foxfires
  17 fungi
  49 plants
217 creatures vanquished.

Grand Total: 700 creatures vanquished

Notes
Turn   | Place    | Note
-------+----------+-------------------------------------------
     0 | D:1      | Plorgh the Ogre Fire Elementalist began the quest for the
                  | Orb.
     0 | D:1      | Reached XP level 1. HP: 16/16 MP: 3/3
   302 | D:1      | Reached XP level 2. HP: 22/24 MP: 5/5
   844 | D:1      | Learned a level 2 spell: Scorch
  1176 | D:1      | Reached XP level 3. HP: 31/31 MP: 3/6
  2066 | D:2      | Reached skill level 1 in Conjurations
  2199 | D:2      | Identified the +8 dagger of Wu Jian's Regard {protect, rC+
                  | Str+7}
  2276 | D:2      | Found a faded altar of an unknown god.
  2704 | D:3      | Reached XP level 4. HP: 34/39 MP: 7/7
  2830 | D:3      | Identified the +0 helmet "Kynn" {Drain rElec rF+ Str+3}
  3103 | D:3      | Learned a level 3 spell: Inner Flame
  3400 | D:4      | Noticed Robin
  3406 | D:4      | Reached XP level 5. HP: 2/46 MP: 8/8
  3408 | D:4      | HP: 1/46 [goblin/sling bullet[Robin] (2)]
  3716 | D:4      | Noticed an ogre
  3731 | D:3      | Reached skill level 1 in Fighting
  3963 | D:4      | Noticed Blork the orc
  3968 | D:4      | Noticed a water moccasin
  3972 | D:4      | Killed Blork the orc
  3973 | D:4      | Reached skill level 3 in Fighting
  3973 | D:4      | Gained mutation: Your body sometimes deteriorates upon
                  | taking damage. [potion of mutation]
  3973 | D:4      | Gained mutation: You are dopey. (Int -2) [potion of
                  | mutation]
  3973 | D:4      | Gained mutation: Potions are less effective at restoring
                  | your health. [potion of mutation]
  3973 | D:4      | Gained mutation: You passively map a small area around you.
                  | [potion of mutation]
  3985 | D:4      | Killed a water moccasin
  3986 | D:4      | Reached skill level 5 in Fighting
  3986 | D:4      | Reached XP level 6. HP: 30/66 MP: 2/10
  4361 | D:4      | Reached XP level 7. HP: 59/72 MP: 10/13
  4363 | D:4      | Killed Robin
  4475 | D:4      | Noticed Grinder
  4479 | D:4      | Paralysed by Grinder for 3 turns
  4486 | D:4      | Killed Grinder
  4487 | D:4      | Reached skill level 6 in Fighting
  4819 | D:4      | Noticed Eustachio
  5158 | D:4      | Killed Eustachio
  5159 | D:4      | Reached skill level 7 in Fighting
  5159 | D:4      | Reached XP level 8. HP: 75/87 MP: 2/14
  5375 | D:5      | Entered Level 5 of the Dungeon
  5382 | D:5      | Found a hide-covered altar of Uskayaw.
  5507 | D:5      | Reached skill level 5 in Fire Magic
  5677 | D:5      | Found a shadowy altar of Dithmenos.
  6602 | D:5      | Found a runed translucent door.
  6603 | D:5      | Noticed Crazy Yiuf
  6618 | D:5      | Learned a level 4 spell: Flame Wave
  6622 | D:5      | Killed Crazy Yiuf
  6964 | D:6      | Reached XP level 9. HP: 65/93 MP: 3/15
  7596 | D:6      | Found a staircase to the Ecumenical Temple.
  7629 | Temple   | Entered the Ecumenical Temple
  7646 | Temple   | Became a worshipper of Vehumet
  8051 | D:7      | Found Qoygoshript's Weapon Emporium.
  8260 | D:7      | Found an opulent altar of Gozag.
  8496 | D:7      | Noticed a two-headed ogre
  8583 | D:7      | Reached skill level 5 in Conjurations
  8864 | D:7      | Reached skill level 5 in Spellcasting
  9108 | D:7      | Noticed a hornet
  9116 | D:7      | Killed a hornet
  9117 | D:7      | Reached XP level 10. HP: 22/104 MP: 9/19
  9118 | D:7      | Reached skill level 8 in Fighting
  9547 | D:7      | Reached skill level 9 in Fighting
  9907 | D:7      | Killed a two-headed ogre
  9908 | D:7      | Reached skill level 10 in Fighting
 10057 | D:8      | Noticed Maurice
 10326 | D:8      | Killed Maurice
 10421 | D:8      | Reached * piety under Vehumet
 10421 | D:8      | Offered knowledge of Sandblast by Vehumet.
 11225 | D:8      | Found Tuotaf's Armour Boutique.
 11252 | D:8      | Noticed Pikel
 11273 | D:8      | Killed Pikel
 11508 | D:8      | Noticed Joseph
 11517 | D:8      | Killed Joseph
 12051 | D:9      | Found a flagged portal.
 12108 | Bailey   | Entered a bailey
 12142 | Bailey   | Reached XP level 11. HP: 108/117 MP: 12/20
 12574 | Bailey   | Reached skill level 10 in Conjurations
 12590 | Bailey   | Noticed Prince Ribbit
 12601 | Bailey   | Killed Prince Ribbit
 12618 | Bailey   | Noticed a vault guard
 12838 | Bailey   | Reached skill level 11 in Fighting
 12992 | Bailey   | Noticed a vault guard
 13020 | Bailey   | Killed a vault guard
 13330 | Bailey   | Killed a vault guard
 13331 | Bailey   | Reached skill level 12 in Fighting
 13522 | Bailey   | Identified a scroll of acquirement
 13522 | Bailey   | Acquired 988 gold pieces
 13743 | D:9      | Found a sacrificial altar of Ru.
 13924 | D:9      | Found a glowing silver altar of Zin.
 13969 | D:9      | Learned a level 5 spell: Irradiate
 14104 | D:9      | Found a staircase to the Lair.
 14159 | D:9      | Reached skill level 10 in Fire Magic
 14172 | D:9      | Reached ** piety under Vehumet
 14172 | D:9      | Offered knowledge of Poisonous Vapours by Vehumet.
 14828 | D:10     | Entered Level 10 of the Dungeon
 14982 | D:10     | Reached XP level 12. HP: 58/132 MP: 8/24
 15032 | D:10     | HP: 1/132 [wraith (8)]
 15042 | D:10     | Offered knowledge of Ignite Poison by Vehumet.
 15491 | D:10     | Found a transporter.
 15498 | D:10     | Noticed vianneychevalier's ghost (journeyman MiGl)
 15498 | D:10     | Found the ring of the Octopus King
 15509 | D:10     | Noticed an ice dragon
 15908 | D:10     | Found a transporter.
 16849 | D:11     | Noticed a two-headed ogre
 16854 | D:11     | Killed a two-headed ogre
 16869 | D:11     | Reached *** piety under Vehumet
 17544 | D:11     | You fall into a shaft and drop 3 floors!
 17648 | D:12     | Noticed a centaur warrior
 17658 | D:12     | Killed a centaur warrior
 18158 | D:11     | Offered knowledge of Airstrike by Vehumet.
 18571 | D:12     | Reached skill level 13 in Fighting
 18747 | D:11     | Learned a level 4 spell: Airstrike
 18975 | D:12     | Lost mutation: Your body sometimes deteriorates upon taking
                  | damage. [potion of mutation]
 18975 | D:12     | Lost mutation: Potions are less effective at restoring your
                  | health. [potion of mutation]
 18975 | D:12     | Lost mutation: You are dopey. (Int -2) [potion of mutation]
 18975 | D:12     | Gained mutation: You possess an exceptional clarity of
                  | mind. [potion of mutation]
 18975 | D:12     | Gained mutation: Armour fits poorly on your strangely
                  | shaped body. [potion of mutation]
 18975 | D:12     | Gained mutation: You expend magic power (3 MP) to
                  | strengthen your wands. [potion of mutation]
 18976 | D:12     | Lost mutation: You expend magic power (3 MP) to strengthen
                  | your wands. [potion of mutation]
 18976 | D:12     | Lost mutation: You possess an exceptional clarity of mind.
                  | [potion of mutation]
 18976 | D:12     | Gained mutation: You are clumsy. (Dex -2) [potion of
                  | mutation]
 18976 | D:12     | Gained mutation: You have sharp toenails. [potion of
                  | mutation]
 18976 | D:12     | Gained mutation: You are strong-willed. (Will+) [potion of
                  | mutation]
 18977 | D:12     | Lost mutation: You passively map a small area around you.
                  | [potion of mutation]
 18977 | D:12     | Lost mutation: You have sharp toenails. [potion of
                  | mutation]
 18977 | D:12     | Lost mutation: You are clumsy. (Dex -2) [potion of
                  | mutation]
 18977 | D:12     | Gained mutation: Your spells are a little harder to cast,
                  | but a little more powerful. [potion of mutation]
 18977 | D:12     | Gained mutation: You have a somewhat thin skeletal
                  | structure. (Dex +2, Stealth+) [potion of mutation]
 19850 | D:7      | Bought the +10 broad axe "Deipt" {freeze, +Blink rC+ Str+2}
                  | for 1071 gold pieces
 20035 | D:12     | Reached skill level 14 in Fighting
 20035 | D:12     | Reached skill level 1 in Axes
 20836 | D:12     | Found a staircase to the Orcish Mines.
 21386 | D:13     | Noticed Lodul
 21395 | D:12     | Reached XP level 13. HP: 135/146 MP: 21/25
 21433 | D:12     | Reached skill level 5 in Axes
 21684 | D:13     | Killed Lodul
 21738 | D:13     | Noticed Erolcha
 21742 | D:13     | Killed Erolcha
 21745 | D:13     | Noticed Rupert
 21756 | D:13     | Killed Rupert
 21791 | D:13     | Noticed Sonja
 21798 | D:13     | Killed Sonja
 22133 | D:13     | Reached **** piety under Vehumet
 22598 | Lair:1   | Entered Level 1 of the Lair of Beasts
 24371 | Lair:2   | Found a staircase to the Snake Pit.
 24548 | Lair:2   | Offered knowledge of Hailstorm by Vehumet.
 25416 | Lair:2   | Reached skill level 10 in Axes
 25645 | Lair:2   | Noticed Urug
 25653 | Lair:2   | Killed Urug
 25654 | Lair:2   | Reached skill level 1 in Transmutations
 26112 | Lair:3   | Learned a level 4 spell: Hailstorm
 26849 | Lair:3   | Reached XP level 14. HP: 133/157 MP: 24/26
 26851 | Lair:3   | Reached skill level 15 in Fighting
 27076 | Lair:3   | Reached skill level 16 in Fighting
 27614 | Lair:3   | Found a staircase to the Shoals.
 27776 | Lair:3   | Reached ***** piety under Vehumet
 28079 | Lair:3   | Offered knowledge of Yara's Violent Unravelling by Vehumet.
 28086 | Lair:3   | Learned a level 5 spell: Yara's Violent Unravelling
 28876 | Lair:4   | Found a gate leading to a gauntlet.
 28885 | Gauntlet | Entered a Gauntlet
 28885 | Gauntlet | Found a transporter.
 28895 | Gauntlet | Noticed a cacodemon
 29108 | Gauntlet | Found a transporter.
 29124 | Gauntlet | Found a transporter.
 29126 | Gauntlet | Found a large runed translucent door.
 29126 | Gauntlet | Found a large runed translucent door.
 29127 | Gauntlet | Found a large runed translucent door.
 29128 | Gauntlet | Found a large runed translucent door.
 29128 | Gauntlet | Found a large runed translucent door.
 29128 | Gauntlet | Found a runed translucent door.
 29128 | Gauntlet | Found a transporter.
 29129 | Gauntlet | Found a large runed translucent door.
 29130 | Gauntlet | Found a large runed translucent door.
 29131 | Gauntlet | Found a large runed translucent door.
 29131 | Gauntlet | Found a large runed translucent door.
 29132 | Gauntlet | Found a runed translucent gate.
 29144 | Gauntlet | Found a transporter.
 29144 | Gauntlet | Found a runed translucent gate.
 29145 | Gauntlet | Found a runed translucent gate.
 29146 | Gauntlet | Found a large runed translucent door.
 29146 | Gauntlet | Found a large runed translucent door.
 29147 | Gauntlet | Found a large runed translucent door.
 29148 | Gauntlet | Found a large runed translucent door.
 29155 | Gauntlet | Found the +8 trishula "Condemnation" {holy, anguish, *Noise
                  | Fly rN+}
 29157 | Gauntlet | Found a transporter.
 29160 | Gauntlet | Noticed an entropy weaver
 29170 | Gauntlet | Found a transporter.
 29188 | Gauntlet | Found a transporter.
 29192 | Gauntlet | Found a transporter.
 29200 | Gauntlet | Found a transporter.
 29220 | Gauntlet | Found the +3 pair of seven-league boots {Rampage+∞}
 29228 | Gauntlet | Found a runed translucent door.
 29230 | Gauntlet | Found a transporter.
 29230 | Gauntlet | Found a transporter.
 29234 | Gauntlet | Found a runed translucent door.
 29247 | Gauntlet | Found a large runed translucent door.
 29248 | Gauntlet | Found a large runed translucent door.
 29250 | Gauntlet | Found a large runed translucent door.
 29250 | Gauntlet | Found a runed translucent door.
 29383 | Gauntlet | HP: 8/162 [fire bat (2)]
 29386 | Gauntlet | HP: 2/162 [fire bat (4)]
 29391 | Gauntlet | HP: 1/162 [fire crab/blast of flame (1)]
 29393 | Gauntlet | Engulfed by a fire crab's flame

Illustrated notes

Levels and vault maps discovered:
D:1:      minmay_arrival_four_circles, layout_loops_ring
D:2:      layout_loops_corners, dreamdust_ecumenical_altar_drowned_temple
D:3:      layout_loops_ring
D:4:      layout_gridville, minmay_misc_feat_tiny, dreamdust_gnoll_farm,
          uniq_eustachio, uniq_robin, uniq_grinder, uniq_blork_the_orc
D:5:      layout_rooms, lemuel_round_altar, mainiacjoe_overflow_boulevard,
          uniq_crazy_yiuf_cottage
D:6:      layout_loops_cross, minmay_temple_entry_sparse_star
D:7:      minmay_s_stair_smasher, layout_loops_ring, grunt_gozag_statues,
          serial_shops, shop
D:8:      layout_basic, serial_shops, nicolae_shop_behind_doors,
          dreamdust_wishing_well, uniq_maurice, uniq_joseph, uniq_pikel
D:9:      layout_basic, mainiacjoe_overflow_concentric_impassable,
          mainiacjoe_overflow_six_doors_small, erik_lair_dragon, enter_bailey_6
D:10:     layout_roguey, special_room [special_room_bee],
          gammafunk_ghost_berserking_beasts
D:11:     minmay_general_purpose_star, layout_basic
D:12:     layout_cave_pods, kennysheep_orc_monster_closet_entryway
D:13:     layout_basic, uniq_lodul, uniq_rupert, uniq_erolcha, uniq_sonja
D:14:     layout_loops_ring, grunt_vaults_entry_tiered, eino_curves_04,
          uniq_azrael
Temple:   sentei_temple_godly_chess
Lair:1:   layout_layer_cave, serial_forest, infiniplex_forest_end_2,
          infiniplex_forest_zigzag_1, infiniplex_forest_lined_room_2,
          infiniplex_forest_straight_4, infiniplex_forest_lined_2,
          infiniplex_forest_lined_corner, infiniplex_forest_clump_small,
          grunt_megastairs_1
Lair:2:   beast_lair_carwin_large_4, layout_regular_city,
          guppyfry_snake_entry_island, minivault_26,
          chequers_serial_rivers_room_a, lemuel_fruit_fields, uniq_urug,
          uniq_prince_ribbit2
Lair:3:   layout_big_grid, minmay_shoals_entry_hut, enter_volcano_4,
          roderic_batcave, bobbens_dragon_lair_wall
Lair:4:   layout_gridlike, gauntlet_entry_generic
Gauntlet: minmay_gauntlet_mixed_oops_all_seconds [minmay_gauntlet_arena_77_box,
          nicolae_gauntlet_swirl, minmay_gauntlet_arena_77_two_lines,
          nicolae_gauntlet_arena_x, minmay_gauntlet_arena_77_shame_cube,
          minmay_gauntlet_arena_make_your_own_arena,
          dreamdust_gauntlet_exit_labyrinth]

Skill      XL: |  1  2  3  4  5  6  7  8  9 10 11 12 13 14 |
---------------+-------------------------------------------+-----
Fire Magic     | 3 4 7 9 10 | 10.0
Conjurations   | 1 3 4 6 9 10 12 13 | 13.3
Fighting       | 5 7 10 12 14 16 | 16.0
Spellcasting   | 4 6 8 |  8.0
Axes           | 4 10 | 10.1
Transmutations | 4 |  4.0
Dodging        | |  1.7
Stealth        | |  1.4

Action                   |  1- 3 |  4- 6 |  7- 9 | 10-12 | 13-15 || total
-------------------------+-------+-------+-------+-------+-------++-------
Melee: Whip              |    96 |       |       |       |       ||    96
       Unarmed           |     9 |       |       |       |       ||     9
       Punch             |     1 |     2 |     2 |     4 |     3 ||    12
       Dagger            |    17 |    85 |   231 |   473 |       ||   806
       Broad axe         |       |       |       |    17 |   252 ||   269
 Cast: Foxfire           |    18 |     8 |    16 |    26 |    19 ||    87
       Scorch            |     8 |    13 |    60 |   110 |    51 ||   242
       Inner Flame       |       |     2 |       |       |       ||     2
       Flame Wave        |       |       |     4 |    57 |    18 ||    79
       Irradiate         |       |       |       |     2 |     2 ||     4
 Abil: Evoke Blink       |       |       |       |       |     1 ||     1
  Use: Potion            |       |     2 |     2 |    18 |     8 ||    30
       Scroll            |       |       |     9 |    13 |     9 ||    31
 Stab: Sleeping          |       |       |     2 |     1 |     6 ||     9
       Distracted        |       |       |       |       |     3 ||     3
Armor: Robe              |    46 |    30 |    92 |       |       ||   168
       Steam dragon scal |       |       |    10 |   346 |   120 ||   476
Dodge: Dodged            |    67 |    78 |   201 |   575 |   288 ||  1209
